AoeStats
← Miss_Mulberry

Arena

510377818Analyzed
4v4 RM · 16h ago on Sep 30, 2026· 41m 12s· 8 players
Game mode
Random Map
Map size
Large (8 player)
Population
200
Speed
Normal
Resources
Standard
Victory
Conquest
Starting age
Dark Age
Ending age
Imperial Age
RankedLock teamsTeams togetherTeam positionsShared explorationLock speedFull tech treeHidden civsTurbo modeCheats
Victory
Defeat
🇬🇧 Danes · United Kingdom
1179
+14
🇬🇧 Spanish · United Kingdom
1172
+14
🇺🇸 Malians · United States
1138
+15
🇬🇧 Britons · United Kingdom
1135
+15
🇩🇪 Italians · Germany
1202
-18
🇩🇪 Bengalis · Germany
1142
-15
🇩🇪 Persians · Germany
1091
-13
🇩🇪 Cumans · Germany
1069
-12
iGSOjDaJuiceMan
9:26 Loom
11:12 Feudal Age
16:04 Castle Age
14:24 Horse Collar
15:03 Double-Bit Axe
19:06 Arson
21:04 Squires
23:23 Forging
23:56 Scale Mail Armor
34:10 Imperial Age
32:18 Chain Mail Armor
33:00 Pikeman
34:23 Bow Saw
34:59 Wheelbarrow
35:34 Onager
37:39 Plate Mail Armor
40:05 Elite Jomsviking
40:34 Halberdier
EqualGoat795961
10:50 Feudal Age
10:01 Loom
15:27 Castle Age
13:41 Double-Bit Axe
14:03 Horse Collar
14:47 Gold Mining
17:12 Heavy Plow
17:23 Stone Mining
19:20 Bow Saw
20:06 Treadmill Crane
22:59 Town Watch
23:50 Wheelbarrow
26:27 Gold Shaft Mining
26:11 Fletching
31:17 Imperial Age
29:25 Bodkin Arrow
29:31 Padded Archer Armor
30:46 Ballistics
30:18 Heated Shot
30:25 Murder Holes
30:41 Fortified Wall
30:42 Masonry
31:02 Yeomen
33:07 Hand Cart
32:54 Town Patrol
33:20 Conscription
33:10 Elite Longbowman
35:41 Hoardings
35:19 Bracer
35:34 Leather Archer Armor
36:22 Chemistry
35:08 Arrowslits
38:36 Two-Man Saw
40:36 Ring Archer Armor
40:39 Architecture
LeightonDunk11
10:42 Feudal Age
11:10 Loom
14:41 Castle Age
12:49 Horse Collar
13:14 Double-Bit Axe
16:05 Wheelbarrow
16:15 Bow Saw
22:02 Padded Archer Armor
24:38 Leather Archer Armor
27:54 Fletching
32:41 Imperial Age
30:29 Heavy Plow
31:06 Bodkin Arrow
31:10 Elite Skirmisher
33:28 Bracer
33:59 Ring Archer Armor
37:54 Ballistics
38:06 Bloodlines
37:56 Husbandry
37:17 Cavalier
38:21 Forging
38:16 Scale Barding Armor
39:37 Iron Casting
40:16 Hand Cart
41:20 Chain Barding Armor
42:28 Chemistry
Alarich1000
11:18 Feudal Age
12:19 Double-Bit Axe
12:20 Horse Collar
14:57 Castle Age
13:47 Loom
17:50 Bow Saw
18:16 Heavy Plow
18:58 Wheelbarrow
28:21 Imperial Age
28:34 Forging
28:29 Scale Barding Armor
29:07 Hand Cart
29:11 Gold Mining
29:11 Stone Mining
29:49 Conscription
30:44 Iron Casting
30:29 Chain Barding Armor
31:34 Chain Barding Armor
31:18 Husbandry
31:28 Bloodlines
32:02 Heavy Camel Rider
33:43 Gold Shaft Mining
33:43 Stone Shaft Mining
34:11 Plate Barding Armor
34:14 Farimba
35:53 Town Watch
36:55 Town Patrol
37:27 Crop Rotation
36:52 Fletching
37:02 Padded Archer Armor
36:38 Cavalier
36:38 Light Cavalry
37:44 Man-at-Arms
38:25 Squires
38:10 Arson
39:00 Long Swordsman
39:00 Pikeman
39:47 Scale Mail Armor
39:42 Bodkin Arrow
40:03 Leather Archer Armor
39:53 Two-Handed Swordsman
40:50 Chain Mail Armor
41:43 Chemistry
41:03 Ballistics
40:55 Fortified Wall
40:56 Masonry
40:41 Murder Holes
Miss_Mulberry
10:39 Feudal Age
11:23 Double-Bit Axe
16:14 Castle Age
15:01 Bloodlines
17:39 Wheelbarrow
23:34 Horse Collar
23:49 Gold Mining
25:35 Heavy Plow
25:47 Scale Barding Armor
31:49 Imperial Age
29:07 Loom
31:56 Forging
32:35 Husbandry
32:03 Cavalier
35:07 Savar
Lady_Sunflower
9:22 Feudal Age
9:34 Loom
10:16 Double-Bit Axe
10:14 Horse Collar
17:26 Wheelbarrow
18:04 Bloodlines
19:19 Scale Barding Armor
19:25 Forging
19:53 Gold Mining
22:59 Castle Age
29:11 Gold Shaft Mining
29:59 Chain Barding Armor
30:17 Iron Casting
31:52 Heavy Plow
32:06 Bow Saw
32:50 Stone Mining
35:09 Hand Cart
34:39 Town Watch
38:09 Imperial Age
39:43 Cavalier
doneflamingo
10:48 Feudal Age
14:26 Castle Age
12:36 Double-Bit Axe
12:44 Horse Collar
13:05 Gold Mining
16:28 Sanctity
17:16 Fervor
20:42 Wheelbarrow
21:15 Loom
21:59 Heavy Plow
27:14 Imperial Age
25:42 Stone Mining
28:20 Fletching
29:14 Elite Skirmisher
29:51 Bodkin Arrow
30:30 Padded Archer Armor
31:27 Ballistics
31:14 Town Watch
32:46 Chemistry
31:56 Masonry
33:11 Block Printing
33:27 Bracer
34:35 Pikeman
35:50 Siege Elephant
37:01 Leather Archer Armor
36:50 Halberdier
37:43 Scale Mail Armor
38:23 Forging
39:02 Squires
astig_aoe
10:46 Feudal Age
14:59 Castle Age
12:52 Double-Bit Axe
12:49 Horse Collar
14:12 Loom
17:04 Fletching
17:21 Heavy Plow
17:31 Bow Saw
22:43 Bodkin Arrow
23:16 Padded Archer Armor
33:45 Imperial Age
31:44 Gold Mining
32:34 Leather Archer Armor
32:54 Ballistics
35:52 Chemistry
35:05 Masonry
35:17 Bracer
36:51 Ring Archer Armor
37:22 Bloodlines
36:32 Light Cavalry
40:02 Scale Barding Armor
40:08 Forging
41:48 Architecture
Connection lost

Rejoining the realm…

Still unreachable

The connection could not be restored.

Session expired

The server has moved on; the page needs a fresh start.